 Dungeon Crawl Stone Soup version 0.30-a0-743-gbfdf073431 (webtiles) character file.

Game seed: 17207069980761793233

14761 jimonade the Thaumaturge (level 12, -8/86 (94) HPs)
             Began as a Djinni Hedge Wizard on Feb 7, 2023.
             Was a Priest of Ashenzari.
             Killed from afar by Josephine (18 damage)
             ... with a ghostly fireball
             ... on level 4 of the Lair of Beasts.
             The game lasted 00:45:50 (14276 turns).

jimonade the Thaumaturge (Djinni Hedge Wizard)     Turns: 14276, Time: 00:45:51

HP:   -8/86 (94)    AC:  6    Str: 19    XL:     12   Next: 49%
Gold: 810           EV: 15    Int: 18    God:    Ashenzari [***...] SH: 11 Dex: 14

rFire   + . .      SeeInvis +    a - +3 spear
rCold   + . .      Faith    .    F - +0 buckler of the Restrained Moon {Fort, Self} (curse)
rNeg    . . .      Spirit   .    I - +1 leather armour "I Knew You'd Do That" {rC+, Range, Self} (curse)
rPois   ∞          Reflect  +    f - +0 helmet of Supernal Gnosis {Cun, Self} (curse)
rElec   +          Harm     .    (no cloak)
rCorr   +          Rampage  .    (no gloves)
Will    +....      Clarity  +    (boots unavailable)
Stlth   ++                       l - amulet of reflection
HPRegen 0.34/turn                t - ring of resist corrosion
MPRegen 0.00/turn                R - ring of the Bound Firmament {Ice Drain rElec rCorr Str+8, Melee, Self} (curse)

@: flying, slowed, studying 2 skills, drained, very slow
A: sickness immunity, fire resistance 2, cold vulnerability 1, float, innate
caster, HP casting, extra vitality 1
a: Renounce Religion, Curse Item, Shatter the Chains


You were on level 4 of the Lair of Beasts.
You worshipped Ashenzari.
Ashenzari was most pleased with you.
You visited 2 branches of the dungeon, and saw 13 of its levels.

You collected 927 gold pieces.
You spent 117 gold pieces at shops.

Inventory:

Hand Weapons
 a - a +3 spear (weapon)
 i - a +0 spear
 B - a +1 trident of protection
 O - a +0 arbalest
 Q - a +0 giant spiked club
Missiles
 e - 11 poisoned darts
 g - 9 boomerangs of dispersal
 L - 3 curare-tipped darts
 U - 6 atropa-tipped darts
Armour
 b - a +0 robe
 f - the cursed +0 helmet of Supernal Gnosis (worn) {Cun, Self}
   (You bought it in a shop on level 6 of the Dungeon)

   It has a curse which improves the following skills: Cunning: Dodging and
   Stealth.
   Introspection: Fighting and Spellcasting.
 k - a +0 ring mail
 o - a +0 leather armour
 x - a +1 robe of willpower
 E - a +3 scale mail
 F - the cursed +0 buckler of the Restrained Moon (worn) {Fort, Self}
   (You found it on level 6 of the Dungeon)

   It has a curse which improves the following skills: Fortitude: Armour and
   Shields.
   Introspection: Fighting and Spellcasting.
 I - the cursed +1 leather armour "I Knew You'd Do That" (worn) {rC+, Range, Self}
   (You took it off a gnoll bouda on level 6 of the Dungeon)

   It has a curse which improves the following skills: Ranged Combat: Ranged
   Weapons and Throwing.
   Introspection: Fighting and Spellcasting.
 K - +0 steam dragon scales
 M - a +0 chain mail
Magical Staves
 m - a staff of death
 N - a staff of air
 T - a staff of earth
Jewellery
 c - a ring of see invisible
 l - an amulet of reflection (around neck)
 t - a ring of resist corrosion (left hand)
 R - the cursed ring of the Bound Firmament (right hand) {Ice Drain rElec rCorr Str+8, Melee, Self}
   (You found it on level 9 of the Dungeon)

   [ring of ice]

   It enhances your ice magic.
   Str:       It affects your strength (+8).
   rF:        It makes you vulnerable to fire.
   rC:        It protects you from cold.
   rElec:     It insulates you from electricity.
   rCorr:     It protects you from acid and corrosion.
   Drain:     It drains your maximum health when unequipped.
   It has a curse which improves the following skills: Melee Combat: Short
   Blades, Long Blades, Axes, Maces & Flails, Polearms, Staves and Unarmed
   Combat.
   Introspection: Fighting and Spellcasting.
 V - an amulet of regeneration
Wands
 y - a wand of iceblast (10)
 D - a wand of quicksilver (12)
Scrolls
 d - 2 scrolls of enchant weapon
 h - a scroll of enchant armour
 n - 4 scrolls of poison
 p - 15 scrolls of identify
 u - 5 scrolls of teleportation
 v - 2 scrolls of immolation
 A - 4 scrolls of blinking
 J - 4 scrolls of fear
Potions
 j - a potion of resistance
 q - 2 potions of haste
 r - 3 potions of lignification
 s - 2 potions of attraction
 w - 8 potions of curing
 z - 2 potions of might
 C - 3 potions of mutation
 G - 3 potions of berserk rage
 H - a potion of heal wounds
 P - a potion of ambrosia
 S - a potion of cancellation


   Skills:
 + Level 7.5(11.5) Fighting
 + Level 7.3(9.0) Armour
 + Level 7.1(8.8) Dodging
 - Level 1.5(2.7) Stealth
 + Level 7.6(9.2) Shields
 - Level 12.0(15.9) Spellcasting


You had 20 spell levels left.
You knew the following spells:

 Your Spells              Type           Power      Damage    Failure   Level
a - Magic Dart            Conj           100%       1d8       0%          1
b - Slow                  Hex            100%       N/A       0%          1
c - Blink                 Tloc           100%       N/A       0%          2
d - Call Imp              Summ           64%        N/A       0%          2
e - Mephitic Cloud        Conj/Pois/Air  64%        N/A       1%          3
f - Sandblast             Erth           100%       2d20      0%          1
g - Scorch                Fire           100%       2d10      0%          2
h - Tukima's Dance        Hex            64%        N/A       1%          3
i - Call Canine Familiar  Summ           64%        N/A       1%          3
j - Leda's Liquefaction   Hex/Erth       32%        N/A       1%          4
Your spell library was empty.

Dungeon Overview and Level Annotations

Branches:
Dungeon (9/15)             Temple (0/1) D:5            Lair (4/5) D:9
  Swamp (0/4) Lair:2       Spider (0/4) Lair:2        Slime (0/5) Lair:4
    Orc: D:9-12

Altars:
Ashenzari
Cheibriados
Fedhas
Gozag
Makhleb
Nemelex Xobeh
Trog
Yredelemnul
The Shining One
Jiyva

Shops:
D:1 [   D:6 [

Annotations:
Lair:4 Josephine


Innate Abilities, Weirdness & Mutations

You are immune to sickness and miasma.
You are immune to poison.
Your flesh is very heat resistant. (rF++)
You are vulnerable to cold. (rC-)
You float through the air rather than walking.
You learn spells naturally, not from books.
Your magical power is your life essence.
You have superior vitality. (+4 MHP)


Message History

The wraith's fire resistance burns away.
The wraith closely misses you. The wraith hits you!
Casting: Scorch (safe; 0% risk of failure)
Confirm with . or Enter, or press ? or * to list all spells.
Flames lash the wraith.
The wraith is severely damaged.
The wraith's fire resistance burns away.
* * * LOW HITPOINT WARNING * * *
The wraith is no longer more vulnerable to fire. x2
The wraith hits you!
* * * LOW HITPOINT WARNING * * *
The wraith drains your vigour!
You feel as though you will be slow longer.
Casting: Scorch (safe; 0% risk of failure)
Confirm with . or Enter, or press ? or * to list all spells.
Flames lash Josephine.
Josephine is lightly wounded.
Josephine's fire resistance burns away.
* * * LOW HITPOINT WARNING * * *
The wraith closely misses something.
The wraith hits something!
The wraith drains something's vigour!
Casting: Scorch (safe; 0% risk of failure)
Confirm with . or Enter, or press ? or * to list all spells.
Flames lash the wraith.
The wraith is moderately damaged.
The wraith's fire resistance burns away.
* * * LOW HITPOINT WARNING * * *
Josephine hits you with a +0 dagger.
* * * LOW HITPOINT WARNING * * *
Casting: Scorch (safe; 0% risk of failure)
Confirm with . or Enter, or press ? or * to list all spells.
Flames lash the wraith.
The wraith is severely damaged.
The wraith's fire resistance burns away.
* * * LOW HITPOINT WARNING * * *
The wraith is no longer more vulnerable to fire.
Josephine points at you and mumbles some strange words.
The ghostly flame explodes!
The ghostly fireball engulfs you!!
You feel drained.
You die...

#.................... *
*#.................... ,
##...##..###(#.#...#. *,
##...##.##*#.##.....# ,
#...###+##.#####..##. ,, *
., ,#...###.... ,*##...#,
#., ##..+...... ,#...#..
###.# #..P#** ####..##.
.#P#..###..@########.##..###
..........h#@#.##.###.......
...........{WW.W..@.........
............W...............
............................
............................
,
...........................P
, ,
............<.##.##.........
#####..#......#.####.#......


You could see Josephine (combustible), 3 wraiths and a friendly wolf (summoned,
slow).

Vanquished Creatures
  A two-headed ogre (D:9)
  A black mamba (Lair:4)
  4 cane toads
  A komodo dragon (Lair:1)
  4 blink frogs (Lair:4)
  A hornet (Lair:3)
  A tarantella (Lair:2)
  A wraith (D:9)
  21 yaks
  A basilisk (Lair:3)
  A dancing weapon (D:9)
  A steam dragon (D:7)
  4 water moccasins
  A black bear (Lair:3)
  3 sky beasts
  6 wolves
  3 centaurs
  A kobold brigand (D:7)
  6 bullfrogs
  A necrophage (D:6)
  A scorpion (D:6)
  A gnoll sergeant (D:6)
  4 wights (D:9)
  4 killer bees (D:9)
  4 electric eels (Lair:2)
  5 howler monkeys
  2 hounds (D:6)
  3 orc priests
  A gnoll bouda (D:6)
  An iguana (D:7)
  2 orc wizards
  12 gnolls
  13 adders
  A shadow imp (D:7)
  A white imp (D:7)
  A worm (D:3)
  2 dart slugs
  20 orcs
  6 ball pythons
  8 endoplasms
  A giant cockroach (D:4)
  5 goblins
  11 hobgoblins
  4 quokkas
  6 bats
  3 frilled lizards
  4 kobolds
  9 rats
198 creatures vanquished.

Vanquished Creatures (collateral kills)
  2 cane toads
  A troll (D:9)
  A hornet (Lair:3)
  A blink frog (Lair:4)
  14 yaks
  A water moccasin (Lair:3)
  An orc warrior (D:8)
  7 wolves
  A centaur (D:7)
  2 bullfrogs
  A scorpion (D:7)
  A wight (D:9)
  2 killer bees (D:9)
  3 howler monkeys
  A hound (D:4)
  A gnoll bouda (D:4)
  4 gnolls
  An adder (D:6)
  6 orcs
  A goblin (D:4)
  2 kobolds (D:7)
54 creatures vanquished.

Vanquished Creatures (others)
  2 dancing weapons (D:6)
  An electric eel (Lair:2)
  19 fungi
  53 plants
75 creatures vanquished.

Grand Total: 327 creatures vanquished

Notes
Turn   | Place    | Note
-------+----------+-------------------------------------------
     0 | D:1      | jimonade the Djinni Hedge Wizard began the quest for the
                  | Orb.
     0 | D:1      | jimonade set off with the following spells memorised: Magic
                  | Dart, Slow, Blink, Call Imp, Mephitic Cloud.
     0 | D:1      | Reached XP level 1. HP: 15/15 MP: 0/0
   132 | D:1      | Reached XP level 2. HP: 19/21 MP: 0/0
   323 | D:1      | Reached skill level 3 in Spellcasting
   323 | D:1      | Reached XP level 3. HP: 4/25 MP: 0/0
   323 | D:1      | Learned a level 1 spell: Sandblast
   443 | D:1      | Found Nublan's Antique Armour Shoppe.
   784 | D:2      | Reached XP level 4. HP: 29/31 MP: 0/0
  1401 | D:2      | Found a snail-covered altar of Cheibriados.
  1703 | D:3      | Reached skill level 4 in Spellcasting
  1709 | D:3      | Reached XP level 5. HP: 30/35 MP: 0/0
  1709 | D:3      | Learned a level 2 spell: Scorch
  2201 | D:3      | Found a broken altar of Ashenzari.
  2207 | D:3      | Became a worshipper of Ashenzari the Shackled
  2224 | D:3      | Found a basalt altar of Yredelemnul.
  2711 | D:4      | Reached XP level 6. HP: 30/40 MP: 0/0
  2735 | D:4      | Reached skill level 5 in Spellcasting
  3787 | D:4      | Reached XP level 7. HP: 39/45 MP: 0/0
  3787 | D:4      | Learned a level 3 spell: Tukima's Dance
  4120 | D:5      | Entered Level 5 of the Dungeon
  4248 | D:5      | Found a staircase to the Ecumenical Temple.
  4276 | D:5      | Reached * piety under Ashenzari
  4562 | D:5      | Identified a scroll of acquirement
  4574 | D:5      | Found an opulent altar of Gozag.
  4574 | D:5      | Found a sparkling altar of Nemelex Xobeh.
  4704 | D:6      | Found Kebutza's Antique Armour Boutique.
  4728 | D:6      | Reached skill level 6 in Spellcasting
  5055 | D:6      | Reached XP level 8. HP: 38/50 MP: 0/0
  5258 | D:6      | Reached skill level 7 in Spellcasting
  5558 | D:6      | Found a burning altar of Makhleb.
  5568 | D:6      | Found a blossoming altar of Fedhas.
  5777 | D:6      | Found a bloodstained altar of Trog.
  6556 | D:7      | Reached skill level 8 in Spellcasting
  6761 | D:7      | Reached XP level 9. HP: 40/55 MP: 0/0
  6761 | D:7      | Learned a level 3 spell: Call Canine Familiar
  6854 | D:7      | Reached ** piety under Ashenzari
  7103 | D:7      | Reached skill level 9 in Spellcasting
  7489 | D:8      | Acquired a manual of Shields
  7774 | D:8      | Found a glowing golden altar of the Shining One.
  7776 | D:8      | Found a snail-covered altar of Cheibriados.
  8321 | D:9      | Reached skill level 1 in Armour
  8398 | D:9      | Noticed a troll
  8408 | D:9      | Killed a troll
  8409 | D:9      | Reached skill level 1 in Shields
  8462 | D:9      | Reached skill level 10 in Spellcasting
  8467 | D:9      | Reached XP level 10. HP: 35/61 MP: 0/0
  8624 | D:9      | Noticed a two-headed ogre
  8677 | D:9      | Killed a two-headed ogre
  8678 | D:9      | Reached skill level 11 in Spellcasting
  8918 | D:9      | Identified the ring "Hionesie" {Ice Drain rElec rCorr
                  | Str+8}
  8942 | D:9      | Reached *** piety under Ashenzari
  9263 | D:9      | Found a staircase to the Lair.
  9363 | Lair:1   | Entered Level 1 of the Lair of Beasts
  9382 | Lair:1   | Noticed a komodo dragon
  9389 | Lair:1   | Killed a komodo dragon
  9389 | Lair:1   | Noticed a cane toad
  9395 | Lair:1   | Killed a cane toad
  9396 | Lair:1   | Reached skill level 1 in Fighting
  9667 | Lair:1   | Reached XP level 11. HP: 39/73 MP: 0/0
  9667 | Lair:1   | Learned a level 4 spell: Leda's Liquefaction
 10020 | Lair:1   | Reached skill level 12 in Spellcasting
 10465 | Lair:2   | Reached skill level 5 in Fighting
 10841 | Lair:2   | Found a hole to the Spider Nest.
 11376 | Lair:2   | Found a staircase to the Swamp.
 11613 | D:6      | Bought a helmet for 117 gold pieces
 12613 | Lair:3   | Reached skill level 5 in Armour
 13146 | Lair:3   | Reached skill level 5 in Dodging
 13150 | Lair:3   | Reached XP level 12. HP: 72/94 MP: 0/0
 13152 | Lair:3   | Reached skill level 5 in Shields
 14151 | Lair:4   | Found a viscous altar of Jiyva.
 14151 | Lair:4   | Found a staircase to the Slime Pits.
 14254 | Lair:4   | Noticed Josephine
 14276 | Lair:4   | Killed from afar by Josephine

Illustrated notes

Levels and vault maps discovered:
D:1:      co_arrival_square_in_a_square_in_a_square, layout_rooms, serial_shops,
          nicolae_shop_temple_entry_statues_fountains, minmay_pentomino_w4
D:2:      layout_basic, basic_altar
D:3:      layout_loops_ring, evilmike_ruin_ashenzari,
          mainiacjoe_overflow_alcove_1
D:4:      layout_loops_corners
D:5:      layout_cave_pools, grunt_temple_overflow_opulence,
          minmay_temple_entry_offerings
D:6:      layout_loops_ring, nicolae_overflow_quartered_altars, serial_shops,
          shop_fountains
D:7:      layout_basic, nicolae_concentric_dashed_squares_mild,
          minmay_manual_mares
D:8:      layout_basic, jmf_multi_god_temple
D:9:      layout_basic, lair_entry_dummy
Lair:1:   layout_hall_layers, serial_bayou_shore_b
Lair:2:   layout_layer_cave, swamp_mist, spider_nest_entry_rubble, serial_bayou,
          serial_bayou_pond_e, serial_bayou_lagoon_b, serial_bayou_shore_b,
          serial_bayou_shore_b, infiniplex_staircase_pool_2
Lair:3:   layout_misc_corridors, nicolae_lair_grazing_beasts
          [nicolae_sub_lair_graze_edge, nicolae_sub_lair_graze_edge,
          nicolae_sub_lair_graze_edge, nicolae_sub_lair_graze_edge]
Lair:4:   layout_regular_city, slime_entry_1, uniq_nessos, uniq_josephine

Skill      XL: |  1  2  3  4  5  6  7  8  9 10 11 12 |
---------------+-------------------------------------+-----
Spellcasting   | 3 4 5 6 8 10 11 12 | 12.0
Armour         | 1 2 6 7 |  7.3
Dodging        | 3 5 7 |  7.1
Shields        | 1 4 7 |  7.6
Fighting       | 2 7 |  7.5
Stealth        | |  1.5

Action                     |  1- 3 |  4- 6 |  7- 9 | 10-12 || total
---------------------------+-------+-------+-------+-------++-------
  Melee: Dagger            |       |     1 |     4 |     3 ||     8
         Spear             |       |       |       |     1 ||     1
   Cast: Magic Dart        |    57 |    27 |     4 |    13 ||   101
         Sandblast         |     2 |    15 |       |       ||    17
         Scorch            |       |    63 |   112 |   201 ||   376
         Mephitic Cloud    |       |     6 |     8 |    14 ||    28
         Call Imp          |       |     6 |    19 |     3 ||    28
         Tukima's Dance    |       |       |    14 |     5 ||    19
         Call Canine Famil |       |       |     2 |    32 ||    34
         Leda's Liquefacti |       |       |       |     3 ||     3
 Invoke: Curse Item        |       |     1 |     2 |     3 ||     6
         Shatter the Chain |       |       |       |     2 ||     2
    Use: Scroll            |       |       |     1 |       ||     1
         Potion            |       |       |       |     1 ||     1
   Stab: Confused          |       |       |     1 |       ||     1
         Sleeping          |       |       |       |     1 ||     1
 Armour: Robe              |     2 |     4 |    10 |       ||    16
         Leather armour    |       |       |       |     4 ||     4
  Dodge: Dodged            |     3 |    20 |    27 |    41 ||    91
  Block: Buckler           |       |       |     6 |    47 ||    53

Table legend: (Time is in decaauts)
 A = Elapsed time spent in this place.
 B = Non-inter-level travel time spent in this place.
 C = Inter-level travel time spent in this place.
 D = Time resting spent in this place.
 E = Time spent auto-exploring this place.
 F = Levels seen in this place.
 G = Mean time per level.
                   A        B        C        D        E       F      G
               +--------+--------+--------+--------+--------+-----+--------+
         Total |  14309 |  13468 |    841 |   1791 |   9303 |  13 | 1100.7 |
       Dungeon |   9595 |   8980 |    615 |    945 |   6449 |   9 | 1066.1 |
          Lair |   4713 |   4488 |    225 |    846 |   2854 |   4 | 1178.2 |
               +--------+--------+--------+--------+--------+-----+--------+

Top non-repeatable levels by time:
  Lair:2: 1909 daAuts
  Lair:3: 1558 daAuts
     D:6: 1550 daAuts
     D:7: 1243 daAuts
     D:4: 1220 daAuts
     D:9: 1166 daAuts
     D:3: 1123 daAuts
  Lair:1: 1035 daAuts
     D:2: 1030 daAuts
     D:8: 922 daAuts
     D:1: 756 daAuts
     D:5: 583 daAuts
  Lair:4: 210 daAuts
